Unix NetHack Version 5.0.0-0 post-release - last build Jul 14 2026 02:55:29 (1809b74e8187c3a3585e283601c3028b46cbbdcb,branch:main).

Game began 2026-07-15 00:31:27, ended 2026-07-15 00:56:34.

Jinnora, neutral female human Wizard

        ---
     ..--.-
     ......----
     |........|
     --.......|
      ---.....|     -
        |.|.--  -# .--
   |.----.|     #. ..|
   |(.....-#####-.-..|
   |..---.(.[%.@..%..|
   |......-------.<.-
   |..----      |...|
                --..-
                --...--
                |.....--
                --.....--
                 |..|...|
                 ------.|
                      ---

Jinnora the Conjurer      St:11 Dx:10 Co:16 In:17 Wi:11 Ch:11  Neutral
Dlvl:5  $:273 HP:0(37) Pw:2(35) AC:4  Xp:5/319 T:3238  FoodPois Satiated

Latest messages:
 There are several objects here.
 You learn more about your items by comparing them.
 C - 3 uncursed daggers (6 in total).
 r - an orange gem.
 s - a red gem.
 t - a yellowish brown gem.
 u - a yellow gem.
 v - a partly used candle (lit).
 There is a brown mold corpse here; eat it? [ynq] (n) y
 Ulch - that fungoid vegetation was tainted!
 You feel deathly sick.
 (It must have died too long ago to be safe to eat.)
 Are you sure you want to pray? [yn] (n) y
 You begin praying to Thoth.
 Your candle is getting short.
 You finish your prayer.
 The voice of Thoth booms: 
 "Thou art arrogant, mortal."
 "Thou must relearn thy lessons!"
 You feel foolish!
 Goodbye level 6.
 Searching doesn't feel like a good idea right now.
 Searching doesn't feel like a good idea right now.
 Searching doesn't feel like a good idea right now.
 Searching doesn't feel like a good idea right now.
 Searching doesn't feel like a good idea right now.
 Searching doesn't feel like a good idea right now.
 Searching doesn't feel like a good idea right now.
 Searching doesn't feel like a good idea right now.
 Searching doesn't feel like a good idea right now.
 Searching doesn't feel like a good idea right now.
 Searching doesn't feel like a good idea right now.
 Searching doesn't feel like a good idea right now.
 Searching doesn't feel like a good idea right now.
 Searching doesn't feel like a good idea right now.
 Searching doesn't feel like a good idea right now.
 Searching doesn't feel like a good idea right now.
 You are in full health.
 Searching doesn't feel like a good idea right now.
 There are several objects here.
 Your sickness feels worse.
 $ - 224 gold pieces (273 in total).
 You learn more about your items by comparing them.
 C - an uncursed dagger (7 in total).
 x - a fortune cookie.
 Your sickness is severe.
 You are at Death's door.
 You see here a dagger.
 You die from your illness.
 Do you want your possessions identified? [ynq] (y) q

Inventory:
 Coins    ('$')
  $ - 273 gold pieces
 Weapons  (')')
  C - 7 uncursed +0 daggers
  a - a blessed +1 quarterstaff (weapon in hands)
 Armor    ('[')
  b - an uncursed +0 cloak of magic resistance (being worn)
  A - an uncursed +0 elven mithril-coat (being worn)
 Comestibles  ('%')
  P - 2 uncursed slime molds
  q - an uncursed food ration
  x - an uncursed fortune cookie
  S - 2 uncursed pancakes
  F - 2 uncursed tripe rations
 Scrolls  ('?')
  Z - an uncursed scroll of charging
  B - a cursed scroll of create monster
  H - 2 uncursed scrolls of enchant weapon
  j - an uncursed scroll of identify
  o - a cursed scroll of light
  i - an uncursed scroll of taming
  D - a cursed scroll of teleportation
 Potions  ('!')
  w - an uncursed potion of confusion
  X - an uncursed potion of healing
  h - an uncursed potion of object detection
  W - an uncursed potion of oil
  Q - an uncursed potion of paralysis
  g - an uncursed potion of speed
 Rings    ('=')
  d - an uncursed ring of polymorph control
  e - an uncursed ring of regeneration
 Wands    ('/')
  c - an uncursed wand of light (0:8)
  p - an uncursed wand of sleep (0:4)
  y - an uncursed wand of speed monster (0:4)
 Tools    ('(')
  m - an uncursed blindfold
  l - an uncursed magic marker (0:97)
  n - an uncursed magic marker (0:21)
  v - an uncursed partly used wax candle (lit)
 Gems/Stones  ('*')
  u - an uncursed citrine stone
  r - an uncursed worthless piece of orange glass
  s - an uncursed worthless piece of red glass
  t - an uncursed worthless piece of yellowish brown glass

Jinnora the Wizard's attributes:

Background:
 You were a Conjurer, a level 5 female human Wizard.
 You were neutral, on a mission for Thoth
 who was opposed by Ptah (lawful) and Anhur (chaotic).
 You were right-handed.
 You were in the Gnomish Mines, on level 5.
 You entered the dungeon 3238 turns ago.
 It was the midnight hour.
 There was a new moon in effect when your adventure ended.
 You had 319 experience points, 1 more was needed to attain level 6.

Basics:
 You had 0 out of 37 hit points.
 You had 2 out of 35 energy points (spell power).
 Your armor class was 4.
 Your wallet contained 273 zorkmids.
 Autopickup was off.

Final Characteristics:
 Your strength was 11 (limit:18/100).
 Your dexterity was 10 (limit:18).
 Your constitution was 16 (limit:18).
 Your intelligence was 17 (limit:18).
 Your wisdom was 11 (peak:12, limit:18).
 Your charisma was 11 (limit:18).

Final Status:
 You died from food poisoning.
 You were satiated.
 You were unencumbered.
 You were wielding a quarterstaff.
 You had basic skill with quarterstaff and could have enhanced that.

Final Attributes:
 You were piously aligned.
 You were magic-protected.
 You were poison resistant.
 You were telepathic.
 You were guarded.
 Your spell casting was impaired by metallic armor.
 You were unlucky.
 Thoth was angry with you.
 You are dead.

Miscellaneous:
 You didn't encounter any bones levels.
 Total elapsed playing time was 25 minutes and 7 seconds.

Major events:
 Turn
    1: Jinnora the neutral female human Wizard entered the dungeon
  730: entered the Gnomish Mines
  731: attained the rank of Conjurer (level 3)
 2435: attained the rank of Thaumaturge (level 6)
 3238: poisoned by a rotted brown mold corpse

Spells:
 Name                 Level Category     Fail Retention
 force bolt             1   attack        18%   81%-90%
 sleep                  3   enchantment   34%   81%-90%
 chain lightning        2   attack        18%   81%-90%

Skills:
 Fighting Skills
   bare handed combat [Unskilled]
   riding             [Unskilled]
 Weapon Skills
   dagger             [Unskilled]
   knife              [Unskilled]
   axe                [Unskilled]
   short sword        [Unskilled]
   club               [Unskilled]
   mace               [Unskilled]
   quarterstaff       [Basic]
   polearms           [Unskilled]
   spear              [Unskilled]
   trident            [Unskilled]
   sling              [Unskilled]
   dart               [Unskilled]
   shuriken           [Unskilled]
 Spellcasting Skills
   attack spells      [Basic]
   healing spells     [Unskilled]
   divination spells  [Unskilled]
   enchantment spells [Basic]
   clerical spells    [Unskilled]
   escape spells      [Unskilled]
   matter spells      [Unskilled]

Voluntary challenges:
 Character rerolling was not enabled.
 You never genocided any monsters.
 You never polymorphed an object.
 You never changed form.
 You used no wishes.
Achievements:
 You entered the Gnomish Mines.
 You attained the rank of Conjurer.
 You entered a shop.
 You attained the rank of Thaumaturge.

 The Dungeons of Doom: levels 1 to 6
    Level 1:
    Level 2:
    Level 3:
       Stairs down to The Gnomish Mines.
    Level 4:
       A potion shop, an altar to Thoth, a grave.
    Level 5:
       Many fountains.
       Oracle of Delphi.
    Level 6:
 The Gnomish Mines: levels 4 to 5
    Level 4:
    Level 5: <- You were here.
       Final resting place for
          you, poisoned by a rotted brown mold corpse.


Vanquished creatures:
  a small mimic
  a gnome ruler
  a dingo
 an imp
  a rock mole
  4 gnome leaders
  a black naga hatchling
  a gray ooze
  a straw golem
  a paper golem
  a little dog
  3 floating eyes
  2 kittens
  5 dwarves
  a rothe
  a centipede
 an iguana
  2 acid blobs
  a hobbit
  3 manes
  a large kobold
  2 hobgoblins
  4 giant rats
  3 brown molds
  a yellow mold
 15 gnomes
  4 garter snakes
  a gnome zombie
  4 geckos
  2 jackals
  2 foxes
  a kobold
  2 grid bugs
  7 lichens
  a kobold zombie
  7 newts
90 creatures vanquished.

No species were genocided or became extinct.

Game over:
                       ----------
                      /          \
                     /    REST    \
                    /      IN      \
                   /     PEACE      \
                  /                  \
                  |     Jinnora      |
                  |      273 Au      |
                  |  poisoned by a   |
                  |   rotted brown   |
                  |   mold corpse    |
                  |                  |
                  |       2026       |
                 *|     *  *  *      | *
        _________)/\\_//(\/(/\)/\//\/|_)_______

Goodbye Jinnora the Wizard...

You were poisoned in The Gnomish Mines on dungeon level 5 with 2604 points,
and 273 pieces of gold, after 3238 moves.
You were level 5 with a maximum of 37 hit points when you were poisoned.

